 Dungeon Crawl Stone Soup version 0.29.1-13-g9f3cf754e1 (webtiles) character file.

Game seed: 13120127389594106466

6832 H0rd4k the Martial Artist (level 11, -1/75 HPs)
             Began as an Octopode Artificer on Feb 6, 2023.
             Slain by a troll (10 damage)
             ... on level 9 of the Dungeon.
             The game lasted 00:15:06 (13912 turns).

H0rd4k the Martial Artist (Octopode Artificer)     Turns: 13912, Time: 00:15:07

Health: -1/75      AC:  1    Str: 11    XL:     11   Next: 5%
Magic:  0/20       EV: 18    Int: 17    God:
Gold:   511        SH:  0    Dex: 20    Spells: 23/23 levels left

rFire   . . .      SeeInvis +     - Unarmed
rCold   . . .      Faith    .   (no shield)
rNeg    + + .      Spirit   +   (helmet restricted)
rPois   .          Reflect  .   e - amulet of guardian spirit
rElec   .          Harm     .   p - ring of see invisible
rCorr   .          Rampage  .   A - +6 ring of dexterity
Will    .....                   y - ring of positive energy
Stlth   +++.......              c - +4 ring of evasion
HPRegen 0.22/turn               H - ring of positive energy
MPRegen 0.17/turn               (no ring)
                                (no ring)
                                (no ring)

@: no status effects
A: almost no armour, amphibious, 8 rings, camouflage 1, gelatinous body 1,
(nimble swimmer 1), tentacles
a: no special abilities


You were on level 9 of the Dungeon.
You visited 2 branches of the dungeon, and saw 10 of its levels.
You also visited: Ossuary.

You collected 511 gold pieces.

Inventory:

Missiles
 g - 27 poisoned darts
 w - 3 datura-tipped darts (quivered)
Magical Staves
 i - a staff of cold
Jewellery
 c - a +4 ring of evasion (on tentacle)
 e - an amulet of guardian spirit (around mantle)
 p - a ring of see invisible (left tentacle)
 y - a ring of positive energy (on tentacle)
 A - a +6 ring of dexterity (right tentacle)
 H - a ring of positive energy (on tentacle)
Wands
 b - a wand of flame (26)
Scrolls
 a - 2 scrolls of torment {unknown}
 d - 2 scrolls of silence {unknown}
 h - 4 scrolls of fog
 k - 9 scrolls of identify
 n - 5 scrolls of teleportation
 o - 2 scrolls of blinking {unknown}
 x - 3 scrolls of enchant armour {unknown}
 C - a scroll of enchant weapon {unknown}
 D - a scroll of brand weapon {unknown}
 E - a scroll of poison {unknown}
 G - a scroll of vulnerability {unknown}
Potions
 f - 3 potions of flight
 j - a potion of invisibility {unknown}
 l - 2 potions of brilliance {unknown}
 m - 2 potions of degeneration {unknown}
 q - a potion of berserk rage {unknown}
 r - 4 potions of haste
 s - a potion of resistance {unknown}
 t - a potion of curing {unknown}
 u - a potion of ambrosia {unknown}
 v - a potion of might {unknown}
 z - a potion of cancellation {unknown}


   Skills:
 * Level 7.3 Fighting
 + Level 3.9 Throwing
 - Level 2.3 Dodging
 - Level 1.3 Stealth
 + Level 12.2 Unarmed Combat
 * Level 6.5 Spellcasting
 - Level 3.2 Evocations


You had 23 spell levels left.
You didn't know any spells.
Your spell library contained the following spells:

 Spells                   Type           Power      Damage    Failure   Level
 Shock                    Conj/Air       20%        1d4       12%         1
 Dazzling Flash           Conj/Hex       10%        N/A       36%         3
 Gell's Gravitas          Tloc           5%         N/A       36%         3
 Lesser Beckoning         Tloc           5%         N/A       36%         3
 Swiftness                Air            5%         N/A       36%         3
 Teleport Other           Tloc           5%         N/A       36%         3
 Airstrike                Air            2%         2d(1-17)  77%         4
 Agony                    Necr           5%         N/A       98%         5
 Silence                  Hex/Air        2%         N/A       98%         5


Dungeon Overview and Level Annotations

Branches:
Dungeon (9/15)             Temple (1/1) D:6         Ossuary (visited)
   Lair: D:8-11         Orc: D:9-12

Altars:
Ashenzari
Cheibriados
Dithmenos
Elyvilon
Fedhas
Hepliaklqana
Kikubaaqudgha
Nemelex Xobeh
Okawaru
Ru
Sif Muna
Trog
Uskayaw
Vehumet
Wu Jian
Xom
Yredelemnul

Shops:
D:9 *

Annotations:
D:3 2 transporters, Pascal76's ghost, amateur MiGl
D:6 exclusion: 2 downstairs
D:7 1 runed translucent door, exclusion: door, Crazy Yiuf
D:8 exclusion: downstairs
D:9 Erolcha


Innate Abilities, Weirdness & Mutations

You cannot wear most types of armour.
You are amphibious.
You can wear up to eight rings at the same time.
Your skin changes colour to match your surroundings (Stealth+).
Your rubbery body absorbs attacks. (AC +1, EV +1)
((You are camouflaged when in or above water. (Stealth+)))
You have tentacles for arms and can constrict up to eight enemies at once.


Message History

An acid dragon is nearby!
There is an open door here.
Found a quarterstaff.
Found an ancient bone altar of Kikubaaqudgha.
A troll comes into view.
The troll shouts!
A troll is nearby!
A troll is nearby!
You throw a datura-tipped dart. The datura-tipped dart hits the troll!
The troll flies into a frenzy!
The troll closely misses you. The troll completely misses you.
The troll barely misses you. The troll misses you.
The troll closely misses you. The troll completely misses you.
You bludgeon the troll!
The troll is moderately wounded.
The troll barely misses you. The troll claws you. The troll barely misses you.
You tentacle-slap the troll but do no damage.
You squeeze the troll!
The troll is heavily wounded.
The troll barely misses you. The troll claws you. The troll barely misses you.
You bludgeon the troll! You squeeze the troll.
The troll is severely wounded.
The troll bites you!! The troll claws you!! The troll misses you.
You tentacle-slap the troll.
The troll is severely wounded.
The troll bites you!!
* * * LOW HITPOINT WARNING * * *
The troll completely misses you. The troll claws you!
* * * LOW HITPOINT WARNING * * *
Unknown command.
You feel much better. The troll closely misses you. The troll misses you. x2
The troll bites you. The troll claws you!
* * * LOW HITPOINT WARNING * * *
The troll claws you.
* * * LOW HITPOINT WARNING * * *
You closely miss the troll.
You squeeze the troll, but do no damage.
The troll is severely wounded.
The troll bites you!
You die...

.... ### ##D##
##' ##).## #∩#
#.. ....
##.#####..
###..##
##...#..'..
#.....#
#.....###..
###..### #...[.#
#..
#....._######...#
#..
##8.T8##..'....##
#..
##.@####.######
#.. #.....#.# ###
#.#.###.#
#.#.....#
#########


You could see a neutral troll (fast, strong, insane).

Vanquished Creatures
  A two-headed ogre (D:5)
  Maggie (D:7)
  A kobold demonologist (D:9)
  A troll (D:9)
  A hornet (D:9)
  Sigmund (D:2)
  A wraith (D:9)
  3 wyverns
  3 yaks (D:9)
  A steam dragon (D:6)
  3 water moccasins
  3 orc warriors
  2 black bears
  2 ice beasts
  A sky beast (D:6)
  2 ogres
  4 kobold brigands
  2 necrophages
  A bullfrog (D:7)
  An elf skeleton (D:7)
  2 water moccasin zombies (Ossuary)
  3 scorpions
  19 wights
  2 howler monkeys
  2 human zombies (D:7)
  3 jellies
  2 orc priests
  A gnoll bouda (D:7)
  A hound (D:5)
  A human skeleton (D:7)
  2 iguanas (D:5)
  Natasha (thrice) (D:4)
  5 orc wizards
  2 mummies (Ossuary)
  Robin (D:2)
  8 gnolls
  6 adders
  2 shadow imps (D:7)
  2 ufetubi
  3 adder zombies (Ossuary)
  3 worms
  4 dart slugs
  11 orcs
  7 endoplasms
  A giant cockroach (D:1)
  4 gnoll zombies (Ossuary)
  11 goblins
  5 hobgoblins
  4 jackals (D:3)
  8 quokkas
  7 ball pythons
  6 bats
  5 frilled lizards
  4 hobgoblin zombies (Ossuary)
  12 kobolds
  4 kobold zombies (Ossuary)
  2 orc skeletons (D:7)
  6 orc zombies (Ossuary)
  4 rats
213 creatures vanquished.

Vanquished Creatures (collateral kills)
  A jelly (D:5)
  2 hounds (D:5)
  An adder (D:5)
  5 orcs
  An endoplasm (D:4)
  A giant cockroach (D:4)
  4 goblins (D:2)
15 creatures vanquished.

Vanquished Creatures (others)
  5 dream sheep (D:7)
  An orc warrior (D:5)
  A bullfrog (D:4)
  An orc priest (D:4)
  4 fungi (D:7)
  2 plants (D:7)
14 creatures vanquished.

Grand Total: 242 creatures vanquished

Notes
Turn   | Place    | Note
-------+----------+-------------------------------------------
     0 | D:1      | H0rd4k the Octopode Artificer began the quest for the Orb.
     0 | D:1      | Reached XP level 1. HP: 13/13 MP: 1/1
   157 | D:1      | Reached XP level 2. HP: 7/18 MP: 1/3
   158 | D:1      | Reached skill level 1 in Spellcasting
   896 | D:1      | Reached XP level 3. HP: 23/24 MP: 5/5
  1466 | D:1      | Reached skill level 1 in Unarmed Combat
  1651 | D:2      | Found a faded altar of an unknown god.
  2080 | D:2      | Noticed Sigmund
  2083 | D:2      | Killed Sigmund
  2084 | D:2      | Reached skill level 3 in Unarmed Combat
  2084 | D:2      | Reached XP level 4. HP: 31/31 MP: 5/7
  2084 | D:2      | Reached XP level 5. HP: 36/36 MP: 5/8
  2637 | D:2      | Noticed Robin
  2666 | D:2      | Your ally Robin died
  3081 | D:3      | Found a transporter.
  3083 | D:3      | Noticed Pascal76's ghost (amateur MiGl)
  3094 | D:3      | Reached XP level 6. HP: 33/42 MP: 8/10
  3204 | D:3      | Found a transporter.
  3221 | D:3      | Found a snail-covered altar of Cheibriados.
  4720 | D:4      | Reached skill level 4 in Unarmed Combat
  4826 | D:4      | Noticed Natasha
  4962 | D:4      | Killed Natasha
  5190 | D:4      | Noticed Natasha
  5192 | D:4      | Reached XP level 7. HP: 46/46 MP: 11/11
  5198 | D:4      | Killed Natasha
  5603 | D:4      | Noticed Natasha
  5611 | D:4      | Killed Natasha
  5719 | D:5      | Entered Level 5 of the Dungeon
  5821 | D:5      | Reached skill level 5 in Unarmed Combat
  6430 | D:5      | Noticed a two-headed ogre
  6434 | D:5      | Killed a two-headed ogre
  6435 | D:5      | Reached skill level 7 in Unarmed Combat
  6435 | D:5      | Reached XP level 8. HP: 54/54 MP: 12/14
  6620 | D:5      | Reached skill level 5 in Fighting
  6892 | D:5      | Noticed a wyvern
  6896 | D:5      | Killed a wyvern
  6897 | D:5      | Reached skill level 8 in Unarmed Combat
  6897 | D:5      | Reached XP level 9. HP: 61/61 MP: 15/15
  7250 | D:6      | Found a staircase to the Ecumenical Temple.
  7357 | Temple   | Entered the Ecumenical Temple
  7561 | D:6      | Reached skill level 1 in Throwing
  7561 | D:6      | Reached skill level 9 in Unarmed Combat
  7807 | D:6      | Found a faded altar of an unknown god.
  7807 | D:6      | Found a hazy altar of Hepliaklqana.
  7810 | D:6      | Found a faded altar of an unknown god.
  7979 | D:6      | Reached skill level 5 in Spellcasting
  8613 | D:7      | Noticed Maggie
  8621 | D:7      | Killed Maggie
  8626 | D:7      | Found an ornate altar of the Wu Jian Council.
  8645 | D:7      | Found a blossoming altar of Fedhas.
  8844 | D:7      | Found a shimmering altar of Xom.
  8858 | D:7      | Reached skill level 10 in Unarmed Combat
  8858 | D:7      | Reached XP level 10. HP: 32/68 MP: 2/18
  8921 | D:7      | Found a sand-covered staircase.
  8933 | Ossuary  | Entered an ossuary
  9510 | D:7      | Found a runed translucent door.
  9511 | D:7      | Noticed Crazy Yiuf
  9890 | D:7      | Found a broken altar of Ashenzari.
 11209 | D:8      | Reached skill level 11 in Unarmed Combat
 11691 | D:9      | Noticed a kobold demonologist
 11994 | D:9      | Found a sparkling altar of Nemelex Xobeh.
 12208 | D:9      | Identified the +1 chain mail of the Game Afoot {Rampage}
 12541 | D:9      | Found Zeklu's Neck Hole.
 12597 | D:9      | Noticed Erolcha
 13576 | D:9      | Killed a kobold demonologist
 13596 | D:9      | Reached skill level 12 in Unarmed Combat
 13713 | D:9      | Found a sacrificial altar of Ru.
 13722 | D:9      | Reached XP level 11. HP: 75/75 MP: 17/20
 13896 | D:9      | Found an ancient bone altar of Kikubaaqudgha.
 13912 | D:9      | Slain by a troll

Illustrated notes

Levels and vault maps discovered:
D:1:      wander_arrival_lonely_grave, layout_basic
D:2:      layout_basic, basic_ecumenical_altar, uniq_sigmund, uniq_robin
D:3:      layout_loops_corners, mainiacjoe_overflow_tiny_flanked,
          gammafunk_ghost_stat_death, minmay_pentangle
D:4:      layout_loops_cross, uniq_natasha
D:5:      layout_basic, minmay_joined_circles
D:6:      layout_basic, nicolae_hepliaklqana_ecumenical_no_more,
          minmay_temple_entry_drinking_statues
D:7:      layout_basic, fedhas_altar_3, mainiacjoe_overflow_alcove_1,
          kb_xom_exploding_sheep, nicolae_wu_jian_wuxing_cycle,
          nicolae_ossuary_entry_catacombs, uniq_maggie, uniq_crazy_yiuf_cottage
D:8:      layout_cave_pods
D:9:      layout_roguey, nicolae_ru_path_of_blood, nemelex_spade_bored_becter,
          minitemple, nicolae_shop_sticking_my_neck_out, uniq_erolcha
Temple:   nicolae_temple_ecumenical_triangle

Skill      XL: |  1  2  3  4  5  6  7  8  9 10 |
---------------+-------------------------------+-----
Spellcasting   | 1 2 3 4 5 6 |  6.5
Unarmed Combat | 3 4 7 8 10 12 | 12.2
Fighting       | 3 4 5 6 7 |  7.3
Throwing       | 3 |  3.9
Dodging        | |  2.3
Stealth        | |  1.3
Evocations     | |  3.2

Action                   |  1- 3 |  4- 6 |  7- 9 | 10-12 || total
-------------------------+-------+-------+-------+-------++-------
Melee: Unarmed           |    93 |   118 |   155 |   249 ||   615
       Tentacles         |    23 |    26 |    36 |    65 ||   150
       Constrict         |    22 |    29 |    37 |    49 ||   137
       Punch             |     3 |     2 |    13 |    31 ||    49
Throw: Dart              |       |       |    36 |    16 ||    52
Evoke: Wand              |     2 |    15 |    29 |     7 ||    53
  Use: Potion            |       |       |     5 |     4 ||     9
       Scroll            |       |       |       |     3 ||     3
 Stab: Sleeping          |    14 |     9 |     2 |     8 ||    33
       Distracted        |     1 |       |       |     1 ||     2
Armor: Skin              |     6 |    10 |    14 |    21 ||    51
Dodge: Dodged            |    55 |    85 |    81 |   173 ||   394
